 Dungeon Crawl Stone Soup version 0.29.1-2-gbd0b4ee654 (webtiles) character file.

Game seed: 2075515200084928636

91 MTVSty1e the Chopper (level 4, -2/39 HPs)
             Began as a Minotaur Fighter on Oct 23, 2022.
             Slain by a gnoll
             ... wielding a +2 halberd of venom
              (11 damage)
             ... on level 3 of the Dungeon.
             The game lasted 00:01:49 (1503 turns).

MTVSty1e the Chopper (Minotaur Fighter)             Turns: 1503, Time: 00:01:49

Health: -2/39      AC:  6    Str: 22    XL:     4   Next: 34%
Magic:  3/3        EV:  5    Int:  5    God:
Gold:   29         SH:  0    Dex: 10    Spells: 3/3 levels left

rFire   . . .      SeeInvis .   v - +0 war axe (elec)
rCold   . . .      Faith    .   c - +0 buckler
rNeg    . . .      Spirit   .   b - +0 scale mail
rPois   .          Reflect  .   (helmet restricted)
rElec   .          Harm     .   (no cloak)
rCorr   .          Rampage  .   (no gloves)
Will    .....                   (no boots)
Stlth   ..........              (no amulet)
HPRegen 0.13/turn               (no ring)
MPRegen 0.08/turn               (no ring)

@: mighty, held
A: horns 2, retaliatory headbutt
a: no special abilities


You were on level 3 of the Dungeon.
You visited 1 branch of the dungeon, and saw 3 of its levels.

You collected 136 gold pieces.
You spent 107 gold pieces at shops.

Inventory:

Hand Weapons
 a - a +0 war axe
 v - a +0 war axe of electrocution (weapon)
Missiles
 m - a throwing net (quivered)
Armour
 b - a +0 scale mail (worn)
 c - a +0 buckler (worn)
Jewellery
 e - a ring of ice
Scrolls
 h - 5 scrolls of identify {unknown}
 j - 2 scrolls of noise {unknown}
 k - 2 scrolls of teleportation {unknown}
 l - a scroll of fog {unknown}
 n - 2 scrolls of enchant armour {unknown}
 p - a scroll of blinking {unknown}
 q - a scroll of amnesia {unknown}
Potions
 f - 3 potions of curing {unknown}
 g - a potion of invisibility {unknown}
 i - a potion of degeneration {unknown}
 o - 2 potions of brilliance {unknown}
 r - 5 potions of ambrosia {unknown}
 s - 2 potions of flight {unknown}
 t - a potion of resistance {unknown}
 u - 2 potions of haste {unknown}


   Skills:
 - Level 3.6 Fighting
 + Level 5.6 Axes
 - Level 3.6 Armour
 - Level 3.6 Shields


You had 3 spell levels left.
You didn't know any spells.
Your spell library contained the following spells:

 Spells                   Type           Power      Damage    Failure   Level
 Beastly Appendage        Tmut           0%         N/A       88%         1
 Magic Dart               Conj           0%         1d3       88%         1
 Searing Ray              Conj           0%         2d4       95%         2
 Wereblood                Tmut           0%         N/A       95%         2
 Spider Form              Tmut/Pois      0%         N/A       99%         3
 Fulminant Prism          Conj/Hex       0%         3d6       100%        4


Dungeon Overview and Level Annotations

Branches:
Dungeon (3/15)

Altars:

Shops:
D:3 *

Annotations:
D:3 1 transporter


Innate Abilities, Weirdness & Mutations

You have a pair of horns on your head.
You reflexively headbutt those who attack you in melee.


Message History

You see here a quokka corpse.
Things that are here:
a +0 dagger; a +0 leather armour; an orc corpse The gnoll shouts!
Found a transporter.
The gnoll shouts!
You hear a shout! x2
Found a transporter.
No reachable target in view!
There is a transporter here.
You enter the transporter and appear at another place. 2 gnolls come into view.
A gnoll is wielding a +2 halberd of venom.
The gnoll shouts! x3
The gnoll hits you with a +0 whip.
The gnoll hits you from afar with a +3 vampiric halberd.
You hit the gnoll. Lightning courses through the gnoll!
You kill the gnoll!
A gnoll comes into view. It is wielding a +0 club.
The gnoll throws a throwing net.
The throwing net hits you.
You become entangled in the net!
You are held in a net!
You are held in a net!
You are held in a net!
You are held in a net!
You are held in a net!
You are held in a net!
You are held in a net!
You are held in a net!
Unknown command.
You feel very mighty all of a sudden. The gnoll hits you with a +0 whip.
The gnoll barely misses you.
The gnoll hits you from afar with a +3 vampiric halberd!
You tear a large gash into the net.
The gnoll hits you but does no damage.
The gnoll hits you from afar with a +2 halberd of venom.
The gnoll barely misses you.
You struggle against the net.
The gnoll hits you with a +0 club. The gnoll hits you with a +0 whip.
* * * LOW HITPOINT WARNING * * *
The gnoll hits you from afar with a +2 halberd of venom!
You die...

.....................##
≈≈≈≈≈≈...≈≈≈≈≈≈≈≈≈≈≈..#
≈≈≈≈≈≈...≈≈≈≈≈≈≈≈≈≈≈..#
##...........#####≈≈..#
#.###.©.###.#.#.#≈≈..#
# #©#####.###...#≈≈..#
. ..........###≈≈..# #
##g######.#8.≈≈..##
#8@g#.⌠.#.##.≈≈....
#⌠©.g...'.g#.~~....
#8g.#.⌠.#.##.≈≈....
##'######.#8.≈≈....
.........###≈≈....
#####g###...#≈≈..##
##.©.###.#.#.#≈≈.###
.........#####≈≈.###
≈≈≈~≈≈≈≈≈≈≈≈≈≈≈≈....


You could see 4 gnolls.

Vanquished Creatures
  A gnoll (D:3)
  3 adders (D:3)
  A worm (D:2)
  An orc (D:3)
  5 ball pythons
  3 bats
  6 endoplasms
  4 giant cockroaches
  5 hobgoblins
  4 kobolds
  A quokka (D:3)
  7 frilled lizards
  5 goblins
  3 rats
49 creatures vanquished.

Vanquished Creatures (others)
  6 plants (D:3)
6 creatures vanquished.

Grand Total: 55 creatures vanquished

Notes
Turn   | Place    | Note
-------+----------+-------------------------------------------
     0 | D:1      | MTVSty1e the Minotaur Fighter began the quest for the Orb.
     0 | D:1      | Reached XP level 1. HP: 19/19 MP: 0/0
   140 | D:1      | Reached skill level 3 in Axes
   167 | D:1      | Reached XP level 2. HP: 22/26 MP: 1/1
   386 | D:1      | Found a faded altar of an unknown god.
   546 | D:1      | Reached skill level 4 in Axes
   821 | D:2      | Reached XP level 3. HP: 31/31 MP: 2/2
  1203 | D:3      | Reached skill level 5 in Axes
  1309 | D:3      | Reached XP level 4. HP: 38/39 MP: 3/3
  1419 | D:3      | Found Ving's General Store.
  1432 | D:3      | Bought a +0 war axe of electrocution for 107 gold pieces
  1487 | D:3      | Found a transporter.
  1493 | D:3      | Found a transporter.
  1503 | D:3      | Slain by a gnoll

Illustrated notes

Levels and vault maps discovered:
D:1:      mrwooster_arrival_statue, layout_rooms, basic_ecumenical_altar
D:2:      layout_basic, minmay_split_cup_large
D:3:      layout_rooms, gammafunk_ghost_gnarly_gnolls, serial_shops,
          nicolae_square_shop, wad_orctagon

Skill      XL: |  1  2  3 |
---------------+----------+-----
Axes           | 3 4 5 |  5.6
Fighting       | |  3.6
Armour         | |  3.6
Shields        | |  3.6

Action                   |  1- 3 |  4- 6 || total
-------------------------+-------+-------++-------
Melee: War axe           |    73 |     4 ||    77
       Headbutt          |     7 |       ||     7
  Use: Potion            |       |     1 ||     1
Armor: Scale mail        |    27 |     1 ||    28
Dodge: Dodged            |    32 |     2 ||    34
Block: Buckler           |     7 |     2 ||     9
